 Dungeon Crawl Stone Soup version 0.27-a0-46-g34d46f0a3f (webtiles) character file.

Game seed: 11485843086619419410

182 Borgoz the Skirmisher (level 5, -3/46 HPs)
             Began as a Ghoul Monk on Jan 6, 2021.
             Slain by a centaur zombie (5 damage)
             ... in an ossuary.
             The game lasted 00:04:08 (3278 turns).

Borgoz the Skirmisher (Ghoul Monk)                  Turns: 3278, Time: 00:04:09

Health: -3/46      AC:  7    Str: 16    XL:     5   Next: 62%
Magic:  4/4        EV: 10    Int:  5    God:
Gold:   105        SH:  0    Dex: 11    Spells: 4/4 levels left

rFire    . . .     SeeInvis .   a - +1 falchion
rCold    + . .     Faith    .   (no shield)
rNeg     + + +     Spirit   .   e - +0 scale mail
rPois    ∞         Reflect  .   (no helmet)
rElec    .         Harm     .   (no cloak)
rCorr    .         Rampage  .   c - +0 pair of gloves
Will     .....                  (no boots)
Stlth    ..........             (no amulet)
HPRegen  0.00/turn              (no ring)
MPRegen  0.09/turn              (no ring)

@: no status effects
A: claws 1, cold resistance 1, negative energy resistance 3, inhibited
regeneration, torment resistance, unbreathing
a: no special abilities


You were in an ossuary.
You visited 1 branch of the dungeon, and saw 5 of its levels.
You also visited: Ossuary.

You collected 105 gold pieces.

Inventory:

Hand Weapons
 a - a +1 falchion (weapon)
Armour
 c - a +0 pair of gloves (worn)
 e - a +0 scale mail (worn)


   Skills:
 + Level 3.9 Fighting
 * Level 3.8 Long Blades
 * Level 2.2 Armour
 * Level 3.6 Dodging
 - Level 2.1 Stealth


You had 4 spell levels left.
You didn't know any spells.
Your spell library was empty.

Dungeon Overview and Level Annotations

Branches:
Dungeon (6/15)            Ossuary (1/1)
 Temple: D:4-7

Altars:
Elyvilon
Yredelemnul

Annotations:
D:2 Sigmund


Innate Abilities, Weirdness & Mutations

You thrive by killing the living.
You are immune to poison.
You have sharp fingernails.
Your flesh is cold resistant. (rC+)
You are immune to negative energy. (rN+++)
You do not regenerate when monsters are visible.
You are immune to unholy pain and torment.
You can survive without breathing.


Message History

Orders for allies: a - Attack new target. r - Retreat! s - Stop attacking. g - Guard the area. f - Follow me.
Anything else - Cancel.
Okay, then.
You are too injured to fight recklessly!
You are too injured to fight recklessly!
You hit the centaur zombie but do no damage.
The centaur zombie is moderately damaged.
The centaur zombie closely misses you.
You slash the centaur zombie!
The centaur zombie is heavily damaged.
The centaur zombie closely misses you. The centaur zombie barely misses you.
You hit the centaur zombie.
The centaur zombie is severely damaged.
The centaur zombie barely misses you.
You hit the centaur zombie.
The centaur zombie is almost destroyed.
The centaur zombie hits you.
You die...

..'.#...................#
..###...................#
..#.####......#.'....####
..#.'.........#.........#
..'.#....#....#....#....#
..###....#....#....#....#
..#.#....#....#....#....+
..#.########'##Z#########
..#...#...#...#.@.#...# .#
..###'###'###'###'###'#####..#
.............................#
∩...........................∩#
##############################


You could see a centaur zombie.

Vanquished Creatures
  A centaur zombie (Ossuary)
  An ogre zombie (Ossuary)
  6 mummies (Ossuary)
  A howler monkey skeleton (D:6)
  A dart slug (D:1)
  A leopard gecko (D:1)
  An orc (D:5)
  A ball python (D:1)
  3 bats (D:1)
  2 giant cockroaches (D:1)
  5 goblins
  7 hobgoblins
  2 jackals (D:1)
  3 frilled lizards
  4 goblin zombies (Ossuary)
  A hobgoblin zombie (Ossuary)
  3 kobold zombies (Ossuary)
  A quokka zombie (Ossuary)
  4 rats (D:1)
  4 rat zombies (Ossuary)
52 creatures vanquished.

Notes
Turn   | Place    | Note
-------+----------+-------------------------------------------
     0 | D:1      | Borgoz the Ghoul Monk began the quest for the Orb.
     0 | D:1      | Reached XP level 1. HP: 19/19 MP: 0/0
   240 | D:1      | Reached XP level 2. HP: 26/26 MP: 1/1
   780 | D:1      | Reached skill level 1 in Armour
   780 | D:1      | Reached XP level 3. HP: 26/31 MP: 2/2
  1571 | D:2      | Noticed Sigmund
  1594 | D:2      | HP: 1/31 [something (4)]
  1939 | D:3      | Found a basalt altar of Yredelemnul.
  1966 | D:3      | You fall into a shaft and drop 3 floors!
  2068 | D:6      | Found a white marble altar of Elyvilon.
  2075 | D:5      | Entered Level 5 of the Dungeon
  2196 | D:5      | Found a sand-covered staircase.
  2201 | Ossuary  | Entered an ossuary
  2296 | Ossuary  | Reached XP level 4. HP: 12/39 MP: 3/3
  2942 | Ossuary  | Reached XP level 5. HP: 20/46 MP: 4/4
  3274 | Ossuary  | HP: 2/46 [centaur zombie (6)]
  3278 | Ossuary  | Slain by a centaur zombie

Illustrated notes

Levels and vault maps discovered:
D:1:      dpeg_arrival_windows_large_door, layout_basic, minmay_tall_x
D:2:      layout_basic, lemuel_doored_altar, uniq_sigmund, uniq_jessica
D:3:      layout_basic, nicolae_overflow_hidden_temple
D:5:      corexii_shack_village, layout_basic, lemuel_round_altar,
          minmay_temple_entry_hall, nicolae_ossuary_entry_plus,
          uniq_crazy_yiuf_cottage
D:6:      layout_loops_corners, elyvilon_altar_4, fedhas_altar_decomposition,
          serial_shops, shop, minmay_hedge_maze
Ossuary:  ossuary_boxes_badplayer

Skill      XL: |  1  2  3  4 |
---------------+-------------+-----
Dodging        | 3 |  3.6
Long Blades    | 3 |  3.8
Armour         | 1 2 |  2.2
Fighting       | |  3.9
Stealth        | |  2.1

Action                   |  1- 3 |  4- 6 || total
-------------------------+-------+-------++-------
Melee: Falchion          |   112 |   107 ||   219
  Use: Scroll            |    10 |     1 ||    11
       Potion            |     2 |     4 ||     6
 Stab: Sleeping          |     3 |       ||     3
       Invisible         |       |     2 ||     2
Armor: Robe              |     4 |       ||     4
       Leather armour    |    12 |       ||    12
       Scale mail        |     7 |    27 ||    34
Dodge: Dodged            |    63 |    46 ||   109
       Rpst.: Falchion   |    16 |    11 ||    27

Table legend: (Time is in decaauts)
 A = Elapsed time spent in this place.
 B = Non-inter-level travel time spent in this place.
 C = Inter-level travel time spent in this place.
 D = Time resting spent in this place.
 E = Time spent auto-exploring this place.
 F = Levels seen in this place.
 G = Mean time per level.
                   A        B        C        D        E       F      G
               +--------+--------+--------+--------+--------+-----+--------+
         Total |   3307 |   3291 |     16 |   1133 |   1561 |   6 |  551.2 |
       Dungeon |   2215 |   2199 |     16 |    371 |   1425 |   5 |  443.0 |
       Ossuary |   1092 |   1092 |      0 |    762 |    136 |   1 | 1092.0 |
               +--------+--------+--------+--------+--------+-----+--------+

Top non-repeatable levels by time:
     D:1: 1496 daAuts
 Ossuary: 1092 daAuts
     D:3: 346 daAuts
     D:2: 136 daAuts
     D:5: 125 daAuts
     D:6: 109 daAuts
